AoeStats
← Pacne

Arabia

509149042Analyzed
1v1 RM · 7d ago on Sep 25, 2026· 41m 14s· 2 players
Game mode
Random Map
Map size
Tiny (2 player)
Population
200
Speed
Normal
Resources
Standard
Victory
Conquest
Starting age
Dark Age
Ending age
Imperial Age
RankedLock teamsTeams togetherTeam positionsShared explorationLock speedFull tech treeHidden civsTurbo modeCheats
Victory
Defeat
🇲🇽 Persians · Mexico
611
+17
🇪🇸 Burgundians · Spain
636
-17
ATHILA EL 1
10:42 Feudal Age
17:17 Loom
20:03 Castle Age
18:55 Town Watch
19:01 Horse Collar
26:22 Bloodlines
26:36 Scale Barding Armor
26:43 Forging
28:31 Gold Mining
32:12 Imperial Age
31:30 Ballistics
33:00 Pikeman
35:40 Gambesons
35:59 Scale Mail Armor
36:36 Conscription
38:20 Chain Barding Armor
40:54 Plate Barding Armor
41:50 Chemistry
42:00 Chain Mail Armor
Pacne
0:27 Loom
12:15 Feudal Age
19:33 Castle Age
18:40 Double-Bit Axe
22:08 Stone Mining
24:02 Gold Mining
27:34 Pikeman
32:12 Imperial Age
30:08 Squires
31:43 Wheelbarrow
30:55 Town Watch
33:22 Husbandry
33:36 Horse Collar
34:07 Burgundian Vineyards
34:55 Conscription
41:31 Chemistry
40:54 Ballistics
Connection lost

Rejoining the realm…

Still unreachable

The connection could not be restored.

Session expired

The server has moved on; the page needs a fresh start.